 Dungeon Crawl Stone Soup version 0.30-a0-782-ge64f9170bb (webtiles) character file.

Game seed: 16017977098552972207

577 Leeroy the Insei (level 7, 0/43 HPs)
             Began as an Octopode Transmuter on Feb 22, 2023.
             Slain by a kobold
             ... wielding a +0 short sword
              (1 damage)
             ... on level 4 of the Dungeon.
             The game lasted 00:03:48 (3599 turns).

Leeroy the Insei (Octopode Transmuter)              Turns: 3599, Time: 00:03:48

Health: 0/43       AC:  1    Str: 10    XL:     7   Next: 35%
Magic:  10/10      EV: 13    Int: 23    God:
Gold:   168        SH:  0    Dex: 12    Spells: 2/10 levels left

rFire   . . .      SeeInvis .      - Unarmed
rCold   . . .      Faith    +    (no shield)
rNeg    . . .      Spirit   .    (helmet restricted)
rPois   .          Reflect  .    b - amulet of faith
rElec   .          Harm     .    e - +6 ring of intelligence
rCorr   .          Rampage  .    m - ring of willpower
Will    +....                    (no ring)
Stlth   ++                       (no ring)
HPRegen 0.27/turn                (no ring)
MPRegen 0.12/turn                (no ring)
                                 (no ring)
                                 (no ring)

@: no status effects
A: almost no armour, amphibious, 8 rings, camouflage 1, gelatinous body 1,
(nimble swimmer 1), tentacles
a: no special abilities


You were on level 4 of the Dungeon.
You visited 1 branch of the dungeon, and saw 4 of its levels.

You collected 168 gold pieces.

Inventory:

Missiles
 g - 5 poisoned darts
Jewellery
 b - an amulet of faith (around mantle)
 e - a +6 ring of intelligence (left tentacle)
 m - a ring of willpower (right tentacle)
Scrolls
 i - a scroll of immolation {unknown}
 j - 2 scrolls of identify {unknown}
 k - a scroll of enchant armour {unknown}
 l - 2 scrolls of poison {unknown}
 n - 2 scrolls of fear {unknown}
 o - a scroll of teleportation {unknown}
Potions
 a - 2 potions of lignification
 c - 4 potions of heal wounds {unknown}
 d - a potion of ambrosia {unknown}
 f - 3 potions of curing {unknown}
 h - 2 potions of berserk rage {unknown}


   Skills:
 - Level 1.0 Fighting
 - Level 2.0 Dodging
 - Level 6.7 Unarmed Combat
 - Level 2.0 Spellcasting
 * Level 5.1 Transmutations


You had 2 spell levels left.
You knew the following spells:

 Your Spells              Type           Power      Damage    Failure   Level
a - Beastly Appendage     Tmut           50%        N/A       1%          1
b - Spider Form           Tmut/Pois      14%        N/A       14%         3
c - Ice Form              Ice/Tmut       14%        N/A       41%         4

Your spell library contained the following spells:

 Spells                   Type           Power      Damage    Failure   Level
 Wereblood                Tmut           25%        N/A       2%          2
 Passwall                 Tmut/Erth      11%        N/A       7%          2
 Ensorcelled Hibernation  Hex/Ice        4%         N/A       19%         2
 Swiftness                Air            2%         N/A       36%         3


Dungeon Overview and Level Annotations

Branches:
Dungeon (4/15)
 Temple: D:4-7

Altars:
Ashenzari
Gozag
Hepliaklqana
Kikubaaqudgha

Shops:
D:1 (

Annotations:
D:4 2 transporters, Barsley's ghost, novice MeRe


Innate Abilities, Weirdness & Mutations

You cannot wear most types of armour.
You are amphibious.
You can wear up to eight rings at the same time.
Your skin changes colour to match your surroundings (Stealth+).
Your rubbery body absorbs attacks. (AC +1, EV +1)
((You are camouflaged when in or above water. (Stealth+)))
You have tentacles for arms and can constrict up to eight enemies at once.


Message History

You kill the kobold!
The kobold throws a poisoned dart.
The poisoned dart barely misses you.
The poisoned dart hits the plant!
The plant is poisoned.
You tentacle-slap the kobold. Your grab misses the kobold.
The kobold is moderately wounded.
The plant begins to die.
The kobold hits you with a +0 whip.
* * * LOW HITPOINT WARNING * * *
You tentacle-slap the kobold. You grab the kobold.
The kobold is severely wounded.
You constrict the kobold, but do no damage.
The kobold struggles to escape constriction.
You bludgeon the kobold!
You kill the kobold!
You closely miss the kobold. Your grab misses the kobold.
You tentacle-slap the kobold. Your squeeze misses the kobold.
The kobold is severely wounded.
You barely miss the kobold. Your grab misses the kobold.
The kobold is severely wounded.
You barely miss the kobold. Your grab misses the kobold.
The kobold closely misses you. The kobold hits you with a +0 whip.
* * * LOW HITPOINT WARNING * * *
You tentacle-slap the kobold. Your grab misses the kobold.
Your squeeze misses the kobold.
The kobold is severely wounded.
A nearby plant withers and dies.
The kobold closely misses you. The kobold hits you with a +0 whip.
* * * LOW HITPOINT WARNING * * *
Okay, then.
You bludgeon the kobold!
You kill the kobold!
You tentacle-slap the kobold.
You kill the kobold!
You barely miss the kobold. You grab the kobold. You constrict the kobold.
The kobold hits you with a +0 short sword.
* * * LOW HITPOINT WARNING * * *
You completely miss the kobold.
The kobold is moderately wounded.
You constrict the kobold.
The kobold hits you with a +0 short sword.
You die...

... .P
#####.......##.# ....
. #.########.# ......♣
##.# #.# †..†.♣.
#########.# # §§.....
P##........###
§§.....♣♣
P♣...####....
.††.....♣♣#
#...#..#######
...K..♣.KK♣####.##..#
.†... ♣.♣@.P###.###.#
.... ♣K#♣P.P.P#..##.#
... ♣P♣ #....♣#...#.#
.. ...####♣P♣.P.#...#
. .♣♣ #..###♣.....###
. ##.#.###..########
#.#.#.##........#
###.#.........###.#..
##...................#


You could see 2 kobolds.

Vanquished Creatures
  A black bear (D:4)
  An ogre (D:4)
  A kobold brigand (D:4)
  2 hounds (D:4)
  A jelly (D:4)
  An orc priest (D:4)
  Terence (D:3)
  3 gnolls (D:3)
  7 adders
  A worm (D:3)
  5 orcs
  3 bats
  4 endoplasms
  5 giant cockroaches
  4 hobgoblins
  5 jackals (D:1)
  27 kobolds
  4 quokkas
  9 ball pythons
  2 frilled lizards
  8 goblins
  7 rats
102 creatures vanquished.

Vanquished Creatures (others)
  5 plants (D:4)
5 creatures vanquished.

Grand Total: 107 creatures vanquished

Notes
Turn   | Place    | Note
-------+----------+-------------------------------------------
     0 | D:1      | Leeroy the Octopode Transmuter began the quest for the Orb.
     0 | D:1      | Reached XP level 1. HP: 13/13 MP: 3/3
   194 | D:1      | Reached XP level 2. HP: 18/18 MP: 3/5
   554 | D:1      | Reached XP level 3. HP: 23/23 MP: 6/6
   561 | D:1      | Found Ywytreoc's Antique Weapon Shoppe.
  1073 | D:2      | Reached skill level 4 in Unarmed Combat
  1157 | D:2      | Learned a level 3 spell: Spider Form
  1328 | D:2      | Reached XP level 4. HP: 25/28 MP: 7/7
  1739 | D:3      | Found an opulent altar of Gozag.
  1739 | D:3      | Found an ancient bone altar of Kikubaaqudgha.
  2090 | D:3      | Noticed Terence
  2100 | D:3      | Killed Terence
  2101 | D:3      | Reached XP level 5. HP: 17/33 MP: 8/8
  2306 | D:3      | Reached skill level 5 in Unarmed Combat
  2509 | D:3      | Learned a level 4 spell: Ice Form
  2687 | D:4      | Noticed a black bear
  2697 | D:4      | Killed a black bear
  2698 | D:4      | Reached skill level 6 in Unarmed Combat
  2698 | D:4      | Reached XP level 6. HP: 30/38 MP: 5/9
  2782 | D:4      | Found a transporter.
  2783 | D:4      | Noticed Barsley's ghost (novice MeRe)
  2785 | D:4      | Found a transporter.
  2854 | D:4      | Found a broken altar of Ashenzari.
  3303 | D:4      | Found a hazy altar of Hepliaklqana.
  3321 | D:4      | Reached XP level 7. HP: 26/43 MP: 10/10
  3574 | D:4      | Reached skill level 5 in Transmutations
  3595 | D:4      | HP: 1/43 [kobold/+0 whip (2)]
  3599 | D:4      | Slain by a kobold

Illustrated notes

Levels and vault maps discovered:
D:1:      matt_arrival_refuge, layout_loops_corners, serial_shops,
          nicolae_shop_crystal
D:2:      layout_basic
D:3:      layout_loops_ring, gammafunk_temple_overflow_wave, uniq_terence
D:4:      kennysheep_kobold_camp, layout_loops_ring,
          nicolae_ashenzari_panopticon, mainiacjoe_overflow_chevrons,
          gammafunk_ghost_arena, kennysheep_nondescript, wad_floor_pattern_1,
          hex_tiny

Skill      XL: |  1  2  3  4  5  6  7 |
---------------+----------------------+-----
Unarmed Combat | 4 6 |  6.7
Transmutations | 3 4 5 |  5.1
Fighting       | |  1.0
Dodging        | |  2.0
Spellcasting   | |  2.0

Action                     |  1- 3 |  4- 6 |  7- 9 || total
---------------------------+-------+-------+-------++-------
  Melee: Unarmed           |    94 |   109 |    48 ||   251
         Constrict         |    27 |    28 |    13 ||    68
         Tentacles         |    19 |    27 |     7 ||    53
         Kick              |     2 |       |       ||     2
         Punch             |     2 |     1 |     2 ||     5
   Cast: Beastly Appendage |     4 |       |       ||     4
         Spider Form       |       |     1 |       ||     1
   Stab: Sleeping          |     8 |     3 |     1 ||    12
 Armour: Skin              |     6 |     7 |     1 ||    14
  Dodge: Dodged            |    56 |    52 |    25 ||   133

Table legend: (Time is in decaauts)
 A = Elapsed time spent in this place.
 B = Non-inter-level travel time spent in this place.
 C = Inter-level travel time spent in this place.
 D = Time resting spent in this place.
 E = Time spent auto-exploring this place.
 F = Levels seen in this place.
 G = Mean time per level.
                   A        B        C        D        E       F      G
               +--------+--------+--------+--------+--------+-----+--------+
         Total |   3576 |   3545 |     31 |      0 |   2937 |   4 |  894.0 |
       Dungeon |   3576 |   3545 |     31 |      0 |   2937 |   4 |  894.0 |
               +--------+--------+--------+--------+--------+-----+--------+

Top non-repeatable levels by time:
     D:1: 1041 daAuts
     D:4: 952 daAuts
     D:3: 905 daAuts
     D:2: 677 daAuts
